 Dungeon Crawl Stone Soup version 0.19-a0-1007-g133f65f (webtiles) character file.

695 Implojin the Grappler (level 7, -3/66 HPs)
             Began as a Troll Fighter on July 20, 2016.
             Was an Initiate of Okawaru.
             Slain by a wolf (5 damage)
             ... led by Grum
             ... on level 8 of the Dungeon.
             The game lasted 00:06:04 (1047 turns).

Implojin the Grappler (Troll Fighter)               Turns: 1047, Time: 00:06:05

Health: -3/66      AC:  5    Str: 25    XL:     7   Next: 37%
Magic:  6/6        EV: 13    Int:  4    God:    Okawaru [......]
Gold:   11         SH:  9    Dex: 16    Spells: 0 memorised, 6 levels left

rFire  . . .     SeeInvis .       - Unarmed
rCold  . . .     Gourm    +     a - +0 robe
rNeg   . . .     Faith    .     b - +0 shield
rPois  .         Spirit   .     (helmet restricted)
rElec  .         Dismiss  .     (no cloak)
rCorr  .         Reflect  .     (gloves unavailable)
SustAt .         Harm     .     (boots unavailable)
MR     .....                    (no amulet)
Stlth  ++........               (no ring)
                                n - ring of flight

@: agile, not resistant to hostile enchantments, unstealthy
A: unfitting armour, claws 3, fast metabolism 3, gourmand, regeneration 2,
shaggy fur 1, tough skin 2
a: Renounce Religion, Evoke Flight


You were on level 8 of the Dungeon.
You worshipped Okawaru.
Okawaru was noncommittal.
You were full.

You visited 2 branches of the dungeon, and saw 9 of its levels.

You collected 11 gold pieces.

Inventory:

Hand Weapons
 m - a +1 vampiric hand axe
Missiles
 f - 17 poisoned needles
 p - 3 javelins (quivered)
Armour
 a - a +0 robe (worn)
 b - a +0 shield (worn)
Jewellery
 n - a ring of flight (left claw)
Scrolls
 c - a scroll of immolation {unknown}
 g - a scroll of remove curse {unknown}
 h - a scroll of enchant weapon {unknown}
 q - a scroll of teleportation {unknown}
Potions
 e - a potion of agility
 i - a potion of heal wounds {unknown}
 o - a potion of ambrosia {unknown}
 r - a potion of degeneration {unknown}
Comestibles
 d - 4 bread rations
 k - a beef jerky
 l - 2 meat rations


   Skills:
 - Level 2.4 Fighting
 - Level 2.4 Dodging
 - Level 2.4 Shields
 * Level 8.4 Unarmed Combat


You had 6 spell levels left.
You didn't know any spells.

Dungeon Overview and Level Annotations

Branches:
Dungeon (8/15)             Temple (1/1) D:7
   Lair: D:8-11

Altars:
Ashenzari
Cheibriados
Dithmenos
Elyvilon
Fedhas
Gozag
Hepliaklqana
Kikubaaqudgha
Nemelex Xobeh
Okawaru
Pakellas
Qazlal
Ru
Trog
Uskayaw
Vehumet
Xom
Yredelemnul
Zin
The Shining One

Annotations:
D:8 Grum


Innate Abilities, Weirdness & Mutations

You are too large for most types of armour.
You have claws for hands.
Your metabolism is lightning-fast.
You like to eat raw meat.
You heal very quickly.
You are covered in fur. (AC +1)
You have very tough skin. (AC +2)


Message History

A wolf comes into view.
Okay, then.
Okay, then. 3 killer bees come into view.
The killer bee buzzes angrily.
The killer bee moves out of view. x3
Grum points his finger and grunts, "Attack!"
Grum hits you from afar with a spear.
It was a potion of agility.
You feel agile all of a sudden. Grum hits you from afar with a spear!!
Grum hits you with a spear.
* * * LOW HITPOINT WARNING * * *
The killer bee barely misses you.
Unknown command.
You scratch the killer bee but do no damage.
You block the killer bee's attack. Grum hits you with a spear!!
* * * LOW HITPOINT WARNING * * *
Unknown command.
As you read the scroll of fear, it crumbles to dust.
You assume a fearsome visage.
Grum looks frightened!
The killer bee looks frightened!
Unknown command.
Unknown command.
Unknown command.
The wolf howls!
The wolf bites you!
* * * LOW HITPOINT WARNING * * *
You miss the wolf. The wolf bites you!
* * * LOW HITPOINT WARNING * * *
The wolf bites you.
* * * LOW HITPOINT WARNING * * *
You scratch the wolf but do no damage. The wolf bites you.
* * * LOW HITPOINT WARNING * * *
Unknown command.
Okay, then.
You claw the wolf!
The wolf is heavily wounded.
The wolf closely misses you. The wolf bites you.
You die...

#..# ..# #.##
... ##.## ..#
#..# ##..# #..##
#...# ##
##..###...##...
##............#
#. #......h....#
#..
.....#....@...##
..
...###....##..#
##. #.# #....#
.# ##.. #.
#...## # ##... .
#..## #.... #..#
..... ##..#
..#.. #..## .
#.. ##..#
##...##. #..


You could see a wolf.

Vanquished Creatures
  An ogre (D:7)
  A phantom (D:8)
  A centaur (D:8)
  A scorpion (D:5)
  A howler monkey (D:5)
  A crimson imp (D:6)
  A giant frog zombie (D:5)
  4 hounds (D:5)
  A jelly (D:8)
  An iguana (D:5)
  A worker ant (D:5)
  2 gnolls (D:5)
  5 adders
  A dart slug (D:1)
  A ball python (D:1)
  3 jackals (D:4)
  A giant newt (D:3)
  A jackal skeleton (D:4)
  A kobold (D:2)
29 creatures vanquished.

Notes
Turn   | Place    | Note
-------+----------+-------------------------------------------
     0 | D:1      | Implojin the Troll Fighter began the quest for the Orb.
     0 | D:1      | Reached XP level 1. HP: 22/22 MP: 0/0
    97 | D:3      | Found a shimmering altar of Xom.
   160 | D:3      | Reached skill level 3 in Unarmed Combat
   160 | D:3      | Reached XP level 2. HP: 25/29 MP: 1/1
   313 | D:5      | Entered Level 5 of the Dungeon
   323 | D:5      | Noticed a howler monkey
   332 | D:5      | Noticed a scorpion
   334 | D:5      | Killed a howler monkey
   334 | D:5      | Reached skill level 4 in Unarmed Combat
   334 | D:5      | Reached XP level 3. HP: 11/36 MP: 2/2
   336 | D:5      | Reached XP level 4. HP: 13/44 MP: 3/3
   337 | D:5      | Reached skill level 5 in Unarmed Combat
   340 | D:5      | Reached XP level 5. HP: 12/50 MP: 4/4
   342 | D:5      | Reached skill level 6 in Unarmed Combat
   417 | D:5      | Reached XP level 6. HP: 42/59 MP: 5/5
   492 | D:4      | Found a hide-covered altar of Uskayaw.
   492 | D:4      | Found an oddly glowing altar of Pakellas.
   493 | D:4      | Found a shattered altar of Ashenzari.
   636 | D:6      | Reached skill level 7 in Unarmed Combat
   723 | D:7      | Found a staircase to the Ecumenical Temple.
   728 | Temple   | Entered the Ecumenical Temple
   801 | Temple   | Became a worshipper of Warmaster Okawaru
   904 | D:8      | Reached XP level 7. HP: 49/66 MP: 6/6
   918 | D:8      | Reached skill level 8 in Unarmed Combat
  1025 | D:8      | Noticed Grum
  1046 | D:8      | HP: 1/66 [wolf[Grum] (3)]
  1047 | D:8      | Slain by a wolf

Vault maps used:
D:1:      dpeg_arrival_circle_labyrinth_a
D:2:      uniq_terence
D:3:      xom_redecorated, grunt_pakellas_basics
D:4:      gammafunk_temple_overflow_claw
D:5:      lemuel_crystal_altar, first_bread
D:6:      grunt_decor_mini_mirrors, yredelemnul_altar_generic
D:8:      uniq_grum
Temple:   minmay_temple_bridge_d

Skill      XL: |  1  2  3  4  5  6  7 |
---------------+----------------------+-----
Unarmed Combat | 3 4 5 6 7 8 |  8.4
Fighting       | |  2.4
Dodging        | |  2.4
Shields        | |  2.4

Action                   |  1- 3 |  4- 6 |  7- 9 || total
-------------------------+-------+-------+-------++-------
Melee: Unarmed           |    45 |    51 |    18 ||   114
  Use: Potion            |     1 |       |     1 ||     2
       Scroll            |       |     3 |     1 ||     4
  Eat: Chunk             |     3 |     8 |       ||    11
Armor: Robe              |    21 |    22 |     2 ||    45
Dodge: Dodged            |    15 |    17 |     4 ||    36
Block: Shield            |    23 |    24 |     4 ||    51

Table legend:
 A = Turns spent in this place as a percentage of turns spent in the entire game.
 B = Non-inter-level travel turns spent in this place as a percentage of non-inter-level travel turns spent in the entire game.
 C = Inter-level travel turns spent in this place as a percentage of turns spent in this place.
 D = Turns resting spent in this place as a percentage of non-inter-level travel turns spent in this place.
 E = Turns spent auto-exploring this place as a percentage of non-inter-level travel turns spent in this place.
 F = Non-inter-level travel turns spent in this place divided by the number of levels of this place that you've seen.
                   A       B       C       D       E      F
               +-------+-------+-------+-------+-------+----------------------
         Total | 100.0 | 100.0 |   0.0 |   0.0 |   0.0 | 117.8
       Dungeon |  85.2 |  85.2 |   0.0 |   0.0 |   0.0 | 112.9
        Temple |  14.8 |  14.8 |   0.0 |   0.0 |   0.0 | 157.0
               +-------+-------+-------+-------+-------+----------------------

Table legend:
 A = Kills in this place as a percentage of kills in entire the game.
 B = Kills by you in this place as a percentage of kills by you in the entire game.
 C = Kills by friends in this place as a percentage of kills by friends in the entire game.
 D = Other kills in this place as a percentage of other kills in the entire game.
 E = Experience gained in this place as a percentage of experience gained in the entire game.
 F = Experience gained in this place divided by the number of levels of this place that you have seen.
                   A       B       C       D       E      F
               +-------+-------+-------+-------+-------+----------------------
         Total | 100.0 | 100.0 |  -nan |  -nan | 100.0 | 110.3
       Dungeon | 100.0 | 100.0 |  -nan |  -nan | 100.0 | 124.1
               +-------+-------+-------+-------+-------+----------------------
